 Dungeon Crawl Stone Soup version 0.25-a0-41-g6cf4ce537d (webtiles) character file.

Game seed: 7038270737361957773, levelgen mode: deterministic

88 Gumption the Grave Robber (level 4, -2/30 HPs)
             Began as a Human Necromancer on Oct 21, 2019.
             Slain by a sky beast (6 damage)
             ... on level 1 of the Dungeon.
             The game lasted 00:28:12 (2509 turns).

Gumption the Grave Robber (Human Necromancer)       Turns: 2509, Time: 00:28:12

Health: -2/30      AC:  4    Str:  9    XL:     4   Next: 81%
Magic:  8/8        EV: 12    Int: 16    God:
Gold:   99         SH:  0    Dex: 13    Spells: 0/8 levels left

rFire    . . .     SeeInvis .   a - +0 dagger (venom)
rCold    . . .     Gourm    .   (no shield)
rNeg     . . .     Faith    .   d - +0 robe
rPois    .         Spirit   .   h - +1 helmet
rElec    .         Reflect  .   (no cloak)
rCorr    .         Harm     .   (no gloves)
MR       .....                  (no boots)
Stlth    ++........             (no amulet)
HPRegen  0.10/turn              (no ring)
MPRegen  0.11/turn              (no ring)

@: no status effects
A: no striking features
a: no special abilities


You were on level 1 of the Dungeon.
You were very hungry.

You visited 1 branch of the dungeon, and saw 3 of its levels.

You collected 99 gold pieces.

Inventory:

Hand Weapons
 a - a +0 dagger of venom (weapon)
 n - a +0 hunting sling
Missiles
 b - 34 stones (quivered)
Armour
 d - a +0 robe (worn)
 h - a +1 helmet (worn)
Jewellery
 k - an uncursed ring of wizardry {unknown}
Scrolls
 e - 4 scrolls of teleportation {unknown}
 g - a scroll of amnesia {unknown}
 i - a scroll of noise {unknown}
 j - a scroll of enchant armour {unknown}
 l - a scroll of fear {unknown}
 o - a scroll of fog {unknown}
Potions
 m - a potion of ambrosia {unknown}
Comestibles
 c - 2 rations
 f - 8 chunks of flesh


   Skills:
 - Level 2.0 Dodging
 - Level 2.0 Stealth
 + Level 2.8 Spellcasting
 * Level 5.3 Necromancy


You couldn't memorise any spells.
You knew the following spells:

 Your Spells              Type           Power        Failure   Level  Hunger
a - Pain                  Necr           ###.         2%          1    #......
b - Animate Skeleton      Necr           N/A          2%          1    #......
c - Vampiric Draining     Necr           ###.......   6%          3    ###....
z - Regeneration          Chrm/Necr      ##........   19%         3    ###....

Your spell library contained the following spells:

 Spells                   Type           Power        Failure   Level  Hunger
 Animate Dead             Necr           N/A          22%         4    #####..


Dungeon Overview and Level Annotations

Branches:
Dungeon (3/15)

Altars:
The Shining One


Message History

Something is blocking the doorway!
Something hits you. Something shocks you.
A sky beast appears from thin air!
Reactivating autopickup.
You closely miss the sky beast.
The sky beast flickers out of sight!
Deactivating autopickup; reactivate with Ctrl-A.
Something hits you.
* * * LOW HITPOINT WARNING * * *
Something shocks you.
* * * LOW HITPOINT WARNING * * *
A sky beast appears from thin air!
Reactivating autopickup.
Things that are here:
a +0 dagger; a glowing hand axe The sky beast flickers out of sight!
Deactivating autopickup; reactivate with Ctrl-A.
You are feeling very hungry.
Something hits you.
* * * LOW HITPOINT WARNING * * *
Something shocks you.
You die...

'#.#^#.....#........# ###
.#.#.#.....'......#.# #.#
.#.#.#.....#......#.# #.#
'#'#'#.#'######...#.###.######
.......#.# #.###..Z.......####
.......#.######.########.....#..Z
.......#.#.........####......#.##
.......#.##.###{.....##......#.##
.......#.##.# #.@....##......'...
...#+#...#.)# #..............#...
...#.#####.## #..........#'#.###.
##.#.......# ###............#...
...#.####..######.....>#.#>..#...
#########......##......#.#.######
..........####.##........#.#....Z
#....###### #.##......###.#.####
......# #...........#.#.#


There were no monsters in sight!

Vanquished Creatures
  3 adders (D:2)
  A worm (D:2)
  2 dart slugs
  2 leopard geckos (D:2)
  7 bats
  2 giant cockroaches
  8 goblins
  5 hobgoblins
  4 jackals
  5 kobolds
  A quokka (D:2)
  5 frilled lizards
  5 rats
50 creatures vanquished.

Vanquished Creatures (collateral kills)
  2 frilled lizards (D:2)
2 creatures vanquished.

Grand Total: 52 creatures vanquished

Notes
Turn   | Place    | Note
-------+----------+-------------------------------------------
     0 | D:1      | Gumption the Human Necromancer began the quest for the Orb.
     0 | D:1      | Reached XP level 1. HP: 13/13 MP: 3/3
     3 | D:1      | Learned a level 1 spell: Animate Skeleton
   259 | D:1      | Reached XP level 2. HP: 19/19 MP: 3/5
   744 | D:1      | Reached XP level 3. HP: 24/24 MP: 6/6
   870 | D:1      | Found a glowing golden altar of the Shining One.
  1599 | D:2      | Reached skill level 5 in Necromancy
  1599 | D:2      | Reached XP level 4. HP: 21/30 MP: 4/7
  1823 | D:2      | Learned a level 3 spell: Vampiric Draining
  1926 | D:2      | Learned a level 3 spell: Regeneration
  1987 | D:2      | Noticed a sky beast
  2509 | D:1      | Slain by a sky beast

Levels and vault maps discovered:
D:1:      lemuel_arrival_cross, layout_basic, tso_altar
D:2:      layout_rooms
D:3:      layout_rooms, serial_corexii_hall, corexii_hall_statues_i,
          chequers_hall_statues_wall_a, first_ration, uniq_jessica

Skill      XL: |  1  2  3 |
---------------+----------+-----
Necromancy     | 5 |  5.3
Dodging        | |  2.0
Stealth        | |  2.0
Spellcasting   | |  2.8

Action                   |  1- 3 |  4- 6 || total
-------------------------+-------+-------++-------
Melee: Dagger            |    36 |     6 ||    42
Throw: Stone             |     7 |     1 ||     8
 Cast: Pain              |    40 |    24 ||    64
       Animate Skeleton  |    17 |    10 ||    27
 Stab: Sleeping          |     2 |       ||     2
       Distracted        |       |     1 ||     1
  Eat: Chunk             |     3 |     2 ||     5
Armor: Robe              |    15 |     2 ||    17
Dodge: Dodged            |    30 |     2 ||    32

Table legend:
 A = Non-vault XP
 B = Vault XP
 C = Vault XP percentage of total XP
 D = Non-vault monster count
 E = Vault monster count
 F = Vault count percentage of total count
                 A         B        C        D         E       F
            +---------+---------+-------+---------+---------+-------
      Total |     126 |       0 |   0.0 |      52 |       0 |   0.0
            +---------+---------+-------+---------+---------+-------
        D:1 |      42 |       0 |   0.0 |      26 |       0 |   0.0
        D:2 |      84 |       0 |   0.0 |      26 |       0 |   0.0
            +---------+---------+-------+---------+---------+-------
